 Dungeon Crawl Stone Soup version 0.20-a0-386-g2d247ea (console) character file.

95 nht the Shooter (level 4, 0/36 HPs)
             Began as a Centaur Hunter on Dec 29, 2016.
             Slain by Natasha (4 damage)
             ... on level 2 of the Dungeon.
             The game lasted 00:01:52 (1297 turns).

nht the Shooter (Centaur Hunter)                    Turns: 1297, Time: 00:01:52

Health: 0/36       AC:  4    Str: 15    XL:     4   Next: 39%
Magic:  4/4        EV:  9    Int: 10    God:
Gold:   75         SH:  0    Dex: 10    Spells: 3/3 levels left

rFire  . . .     SeeInvis .     a - +1 shortbow
rCold  . . .     Gourm    .     c - +0 leather armour
rNeg   . . .     Faith    .     (shield currently unavailable)
rPois  .         Spirit   .     (no helmet)
rElec  .         Reflect  .     (no cloak)
rCorr  .         Harm     .     (no gloves)
MR     .....                    (no barding)
Stlth  +.........               (no amulet)
                                (no ring)
                                (no ring)

@: very quick
A: hooves 3, deformed body, speed 2, tough skin 3
a: no special abilities


You were on level 2 of the Dungeon.
You were not hungry.

You visited 1 branch of the dungeon, and saw 2 of its levels.

You collected 75 gold pieces.

Inventory:

Hand Weapons
 a - a +1 shortbow (weapon)
 b - a +0 short sword
Missiles
 d - 33 arrows (quivered)
Armour
 c - a +0 leather armour (worn)
Scrolls
 e - a scroll of identify {unknown}
 h - 2 scrolls of enchant armour {unknown}
 j - a scroll of remove curse {unknown}
 l - a scroll of magic mapping {unknown}
Potions
 i - a potion of mutation {unknown}
Comestibles
 f - a bread ration
 g - 5 chunks of flesh


   Skills:
 - Level 2.0 Fighting
 + Level 7.8 Bows
 - Level 1.3 Dodging
 - Level 0.4 Stealth


You had 3 spell levels left.
You didn't know any spells.

Dungeon Overview and Level Annotations

Branches:
Dungeon (2/15)

Altars:

Annotations:
D:2 Natasha


Innate Abilities, Weirdness & Mutations

You have hooves in place of feet.
Armour fits poorly on your strangely shaped body.
You cover ground very quickly.
You have extremely tough skin. (AC +3)


Message History

You shoot an arrow. The arrow hits Natasha.
Natasha is severely wounded.
The crimson imp blinks!
Natasha claws you.
* * * LOW HITPOINT WARNING * * *
Firing (i - inventory):
d - 35 arrows (quivered)
Press: ? - help, Shift-Dir - straight line, f/p - Natasha
Aim: Natasha (severely wounded)
You shoot an arrow.
The arrow hits Natasha but does no damage.
Natasha is severely wounded.
Natasha claws you but does no damage.
Firing (i - inventory):
d - 34 arrows (quivered)
Press: ? - help, Shift-Dir - straight line, f/p - Natasha
Aim: Natasha (severely wounded)
You shoot an arrow. The arrow barely misses Natasha.
The shadow imp gestures at you. Pain shoots through your body!
* * * LOW HITPOINT WARNING * * *
Natasha claws you.
You die...

█.█ █ █. █.█ █...█ █.
█.█ █...█ █ . ██ █.█
█...█ .█ .. █.██ █...█
.██...
...███████...█████......
...>█.............█.((.(
..█.............§55(....
.███............@h█ ...
..█..█████...██████ ...
█...██ ██...███ ██.. ██


█████ █......█ █.. ... █.█ ███ █....█.█ █.. █.. █.██.. █....█.████.. █.. █.█.█
█.█.....<.█..██..██ ██..█ █████ █.████.██.█.>..(.)███.... █...████.████.█
.██.████.)█.██.█ You could see Natasha, a crimson imp and a shadow imp.

Vanquished Creatures
  Natasha (twice) (D:2)
  An adder (D:2)
  An ooze (D:1)
  A dart slug (D:1)
  A ball python (D:2)
  2 giant cockroaches (D:2)
  2 goblins
  6 hobgoblins
  3 kobolds
  5 bats
  2 frilled lizards (D:1)
  6 rats
32 creatures vanquished.

Notes
Turn   | Place    | Note
-------+----------+-------------------------------------------
     0 | D:1      | nht the Centaur Hunter began the quest for the Orb.
     0 | D:1      | Reached XP level 1. HP: 17/17 MP: 1/1
    14 | D:1      | Noticed a minotaur zombie
    16 | D:1      | Noticed a centaur
    16 | D:1      | Noticed an elf
    18 | D:1      | Noticed an elf
   181 | D:1      | Reached XP level 2. HP: 15/24 MP: 2/2
   331 | D:1      | Reached skill level 6 in Bows
   762 | D:2      | Noticed Natasha
   767 | D:2      | Noticed a crimson imp
   785 | D:2      | HP: 1/24 [Natasha (6)]
   786 | D:2      | Killed Natasha
   786 | D:2      | Reached skill level 7 in Bows
   786 | D:2      | Reached XP level 3. HP: 1/29 MP: 3/3
   903 | D:2      | Noticed Natasha
   905 | D:2      | Killed Natasha
   905 | D:2      | Reached XP level 4. HP: 11/36 MP: 4/4
   920 | D:2      | Noticed Natasha
  1297 | D:2      | Slain by Natasha

Vault maps used:
D:1:      shiori_arrival_whats_in_store_for_you, minivault_26
D:2:      uniq_natasha

Skill      XL: |  1  2 |
---------------+-------+-----
Bows           | 7 |  7.8
Fighting       | |  2.0
Dodging        | |  1.3
Stealth        | |  0.4

Action                   |  1- 3 |  4- 6 || total
-------------------------+-------+-------++-------
Melee: Short sword       |     2 |       ||     2
 Fire: Shortbow          |    81 |    34 ||   115
  Use: Potion            |     3 |       ||     3
Armor: Leather armour    |     7 |     4 ||    11
Dodge: Dodged            |    19 |     5 ||    24
